 Dungeon Crawl Stone Soup version 0.19-a0-529-g411dd88 (webtiles) character file.

1827 IamBaum the Firebug (level 8, -12/66 HPs)
             Began as a Green Draconian Fire Elementalist on June 7, 2016.
             Was an Initiate of Vehumet.
             Splashed with acid (15 damage)
             ... in the Ecumenical Temple.
             The game lasted 01:23:29 (5974 turns).

IamBaum the Firebug (DrFE)                          Turns: 5974, Time: 01:23:30

Health: -12/66     AC: 10    Str: 11    XL:     8   Next: 86%
Magic:  26/26      EV: 13    Int: 18    God:    Vehumet [......]
Gold:   102        SH:  0    Dex: 11    Spells: 4 memorised, 8 levels left

rFire  . . .     SeeInvis .     d - +0 short sword
rCold  . . .     Gourm    .     (armour unavailable)
rNeg   . . .     Faith    .     (no shield)
rPois  +         Spirit   .     (helmet restricted)
rElec  .         Dismiss  .     f - +2 cloak
rCorr  .         Reflect  .     (no gloves)
SustAt .         Harm     .     v - +0 pair of boots {run}
MR     .....                    r - amulet of regeneration
Stlth  ++........               y - ring of magical power
                                x - ring of wizardry

@: quick, not resistant to hostile enchantments, unstealthy
A: breathe noxious fumes, unfitting armour, poison resistance, cold-blooded, AC
+6
a: Breathe Noxious Fumes, Renounce Religion


You were in the Ecumenical Temple.
You worshipped Vehumet.
Vehumet was noncommittal.
You were not hungry.

You visited 2 branches of the dungeon, and saw 7 of its levels.

You collected 232 gold pieces.
You spent 130 gold pieces at shops.

Inventory:

Hand Weapons
 d - a +0 short sword (weapon)
 n - a +3 dagger of speed
 w - a +0 quarterstaff
 A - a +0 spear
Missiles
 c - 231 stones (quivered)
 i - 8 silver tomahawks
 j - 25 sling bullets
Armour
 e - a cursed +0 leather armour
 f - a +2 cloak (worn)
 m - a +1 buckler
 v - a +0 pair of boots of running (worn)
Jewellery
 r - an amulet of regeneration (around neck)
 x - a ring of wizardry (left hand)
 y - a ring of magical power (right hand)
Wands
 h - a wand of iceblast (6/15)
 u - a wand of digging (9/24)
Scrolls
 o - 2 scrolls of enchant armour
 q - a scroll of remove curse
 z - a scroll of teleportation
Potions
 k - a potion of heal wounds
 l - 3 potions of curing
 t - 3 potions of brilliance
Books
 a - a book of Flames

   Spells                             Type                      Level
   a - Flame Tongue                   Conjuration/Fire             1
   b - Throw Flame                    Conjuration/Fire             2
   c - Conjure Flame                  Conjuration/Fire             3
   d - Inner Flame                    Hexes/Fire                   3
   e - Sticky Flame                   Conjuration/Fire             4
   f - Fireball                       Conjuration/Fire             5
Comestibles
 b - 4 bread rations
 g - 2 beef jerkies
 p - 3 meat rations
 s - 5 fruits


   Skills:
 * Level 3.7 Fighting
 + Level 1.4 Short Blades
 + Level 3.2 Dodging
 - Level 1.8 Stealth
 * Level 6.0 Spellcasting
 * Level 5.4 Conjurations
 * Level 6.7 Fire Magic


You had 8 spell levels left.
You knew the following spells:

 Your Spells              Type           Power        Failure   Level  Hunger
a - Flame Tongue          Conj/Fire      ####.        1%          1    None
b - Throw Flame           Conj/Fire      ####..       1%          2    None
c - Fireball              Conj/Fire      ####......   12%         5    #####..
d - Conjure Flame         Conj/Fire      ####....     1%          3    ##.....


Dungeon Overview and Level Annotations

Branches:
Dungeon (6/15)             Temple (1/1) D:6

Altars:
Dithmenos
Fedhas
Gozag
Hepliaklqana
Nemelex Xobeh
Okawaru
Qazlal
Ru
Trog
Uskayaw
Vehumet
The Shining One
Jiyva

Shops:
D:6 [

Annotations:
D:3 Ijyb


Innate Abilities, Weirdness & Mutations

You can breathe blasts of noxious fumes.
Your lurid green scales are hard. (AC +6)
Your body does not fit into most forms of armour.
Your system is resistant to poisons. (rPois)
You are cold-blooded and may be slowed by cold attacks.


Message History

You kneel at the altar of Gozag.
You offer a prayer to Vehumet.
Vehumet is noncommittal.
Found a sparkling altar of Nemelex Xobeh and a viscous altar of Jiyva.
Found a viscous altar of Jiyva.
There is a viscous altar of Jiyva here.
Found two altars.
Found a viscous altar of Jiyva.
There is a bloodstained altar of Trog here.
Eat which item? (? for menu, Esc to quit)
Okay, then.
You kneel at the altar of Trog.
You offer a prayer to Vehumet.
Vehumet is noncommittal.
The walls burn you! The walls burn you! The walls burn you!
* * * LOW HITPOINT WARNING * * *
The walls burn you!
You die...

##############
##......@.....##
##..............##
##................##
##..................##
##.....####.#####.....##
##.....##_##..##_##.....##
##.....##...##.#...##.....##
#.....##...##..##...##.....#
#....##...._#.##_....##....#


There were no monsters in sight!

Vanquished Creatures
  Grinder (D:6)
  Prince Ribbit (D:6)
  An ice beast (D:5)
  3 ogres
  A phantom (D:5)
  A centaur (D:6)
  4 giant frogs (D:6)
  2 scorpions
  A giant frog zombie (D:6)
  4 jellies
  A hound (D:5)
  3 giant frog skeletons
  2 iguanas
  2 worker ants
  A hound skeleton (D:4)
  4 gnolls (D:6)
  3 adders
  2 oozes
  2 adder zombies
  2 adder skeletons (D:4)
  3 worms
  3 dart slugs
  8 orcs
  A ball python (D:3)
  4 giant cockroaches
  5 hobgoblins
  8 jackals
  3 quokkas
  6 bats
  8 giant newts
  7 goblins
  9 kobolds
  7 rats
  A butterfly (D:6)
114 creatures vanquished.

Notes
Turn   | Place    | Note
--------------------------------------------------------------
     0 | D:1      | IamBaum the Draconian Fire Elementalist began the quest for the Orb.
     0 | D:1      | Reached XP level 1. HP: 14/14 MP: 3/3
   297 | D:1      | Reached XP level 2. HP: 19/20 MP: 1/5
   302 | D:1      | Learned a level 2 spell: Throw Flame
  1317 | D:2      | Reached XP level 3. HP: 15/27 MP: 1/6
  2016 | D:2      | Reached XP level 4. HP: 34/34 MP: 3/8
  2384 | D:3      | Reached skill level 1 in Fighting
  2384 | D:3      | Reached XP level 5. HP: 38/40 MP: 1/9
  2415 | D:3      | Learned a level 5 spell: Fireball
  2447 | D:3      | Found an iron altar of Okawaru.
  2757 | D:3      | Noticed Ijyb
  2943 | D:4      | Reached XP level 6. HP: 47/47 MP: 4/11
  2980 | D:4      | Found a shadowy altar of Dithmenos.
  3131 | D:4      | Reached skill level 1 in Short Blades
  3557 | D:4      | Learned a level 3 spell: Conjure Flame
  3570 | D:5      | Entered Level 5 of the Dungeon
  3794 | D:5      | Your scales start taking on a lurid green colour.
  3794 | D:5      | Reached XP level 7. HP: 48/56 MP: 7/13
  3794 | D:5      | Gained mutation: Your system is resistant to poisons. (rPois) [Green Draconian growth]
  4172 | D:5      | Reached skill level 5 in Fire Magic
  4262 | D:5      | Found a sparkling altar of Nemelex Xobeh.
  4558 | D:6      | Noticed Grinder
  4560 | D:6      | Paralysed by Grinder for 5 turns
  4575 | D:6      | Killed Grinder
  4575 | D:6      | Reached skill level 5 in Spellcasting
  4575 | D:6      | Reached XP level 8. HP: 63/63 MP: 7/15
  4942 | D:6      | Noticed Prince Ribbit
  5077 | D:6      | Noticed a dagger
  5081 | D:6      | Noticed a dagger
  5095 | D:6      | Found a hide-covered altar of Uskayaw.
  5179 | D:6      | Found Pepis's Antique Armour Shop.
  5198 | D:6      | Reached skill level 5 in Conjurations
  5383 | D:6      | Killed Prince Ribbit
  5468 | D:6      | Bought a pair of runed boots for 130 gold pieces
  5473 | D:6      | Identified a +0 pair of boots of running (You bought it in a shop on level 6 of the Dungeon)
  5744 | D:6      | Found a stormy altar of Qazlal.
  5755 | D:6      | Became a worshipper of Qazlal Stormbringer
  5819 | D:6      | Found a staircase to the Ecumenical Temple.
  5837 | Temple   | Entered the Ecumenical Temple
  5876 | Temple   | Fell from the grace of Qazlal
  5876 | Temple   | Became a worshipper of Vehumet
  5973 | Temple   | HP: 3/66 [acid (25)]
  5974 | Temple   | Splashed with acid

Vault maps used:
D:1:      dpeg_arrival_stone_temple_mockup, minivault_4
D:3:      lemuel_round_altar, uniq_iyjb
D:4:      nicolae_dithmenos_the_darkroom
D:5:      first_bread, nemelex_dance_club_becter
D:6:      dancing_weapons_uskayaw, grunt_qazlal_clouds,
          minmay_temple_entry_butterflies, serial_shops, nicolae_shop_crystal,
          uniq_grinder, uniq_prince_ribbit1
Temple:   pf_slime_end_temple

Skill      XL: |  1  2  3  4  5  6  7  8 |
---------------+-------------------------+-----
Dodging        | 2 3 |  3.2
Fighting       | 1 2 3 |  3.7
Spellcasting   | 3 4 5 6 |  6.0
Fire Magic     | 4 5 6 |  6.7
Conjurations   | 2 3 4 5 |  5.4
Short Blades   | 1 |  1.4
Stealth        | |  1.8

Action                   |  1- 3 |  4- 6 |  7- 9 || total
-------------------------+-------+-------+-------++-------
Melee: Short sword       |    23 |    21 |    27 ||    71
       Unarmed           |     5 |       |       ||     5
       Tailslap          |     9 |     6 |     2 ||    17
       Dagger            |    54 |    95 |       ||   149
Throw: Stone             |       |       |     1 ||     1
 Cast: Flame Tongue      |    31 |    55 |    67 ||   153
       Throw Flame       |     5 |    22 |    42 ||    69
       Conjure Flame     |       |     1 |     9 ||    10
       Fireball          |       |       |     2 ||     2
 Abil: Breathe Noxious F |       |       |     7 ||     7
  Use: Scroll            |     5 |     7 |       ||    12
       Potion            |       |     1 |       ||     1
 Stab: Sleeping          |     2 |       |       ||     2
       Confused          |       |       |     1 ||     1
  Eat: Chunk             |     4 |     6 |     4 ||    14
       Pizza             |       |     1 |       ||     1
       Fruit             |       |       |     1 ||     1
       Meat ration       |       |       |     1 ||     1
       Bread ration      |       |       |     1 ||     1
Armor: Skin              |    30 |    39 |    12 ||    81
Dodge: Dodged            |    53 |    72 |    42 ||   167
